 Dungeon Crawl Stone Soup version 0.26-a0-487-gbff1e92059 (webtiles) character file.

Game seed: 14979401052456334025

2468 MrRokkomies the Zephyrmancer (level 9, -5/53 HPs)
             Began as a Tengu Air Elementalist on Aug 2, 2020.
             Was a Believer of Ashenzari.
             Slain by a cyan ugly thing (15 damage)
             ... on level 8 of the Dungeon.
             The game lasted 00:31:14 (9232 turns).

MrRokkomies the Zephyrmancer (TeAE)                 Turns: 9232, Time: 00:31:15

Health: -5/53      AC:  7    Str:  8    XL:     9   Next: 51%
Magic:  0/17       EV: 19    Int: 18    God:    Ashenzari [**....]
Gold:   272        SH:  0    Dex: 16    Spells: 3/18 levels left

rFire    . . .     SeeInvis +   x - +3 halberd (protect) (curse)
rCold    . . .     Faith    .   (shield currently unavailable)
rNeg     . . .     Spirit   .   e - +1 ring mail (curse)
rPois    .         Reflect  .   (helmet restricted)
rElec    .         Harm     .   A - +0 cloak
rCorr    .                      (no gloves)
MR       .....                  (boots unavailable)
Stlth    +.........             b - amulet of the acrobat
HPRegen  0.17/turn              B - ring of see invisible
MPRegen  0.15/turn              C - +4 ring of evasion (curse)

@: swift, flying quickly and evasively, very quick
A: beak, talons 3, able to fly
a: Stop Flying, Curse Item, Scrying, Renounce Religion


You were on level 8 of the Dungeon.
You worshipped Ashenzari.
Ashenzari was pleased with you.
You visited 1 branch of the dungeon, and saw 8 of its levels.

You collected 374 gold pieces.
You spent 102 gold pieces at shops.

Inventory:

Hand Weapons
 a - a +0 flail of draining
 d - a +0 spear
 o - a +0 dagger
 p - a +2 dagger of venom
 x - a cursed +3 halberd of protection (weapon)
Missiles
 m - 3 boomerangs of dispersal (quivered)
 w - 6 boomerangs
Armour
 e - a cursed +1 ring mail (worn)
 i - a +0 robe
 r - +0 steam dragon scales
 A - a +0 cloak (worn)
Jewellery
 b - an amulet of the acrobat (around neck)
 s - an uncursed amulet of guardian spirit
 B - a ring of see invisible (left hand)
 C - a cursed +4 ring of evasion (right hand)
Wands
 q - a wand of paralysis (2)
 u - a wand of flame (1)
 y - a wand of iceblast (6)
Scrolls
 f - a scroll of immolation
 t - a scroll of teleportation
 v - a scroll of fog
 z - a scroll of magic mapping {unknown}
 D - 2 scrolls of identify
Potions
 c - 3 potions of brilliance
 g - a potion of lignification
 h - 2 potions of might
 j - 2 potions of resistance {unknown}
 k - a potion of ambrosia {unknown}
 l - a potion of curing
 n - a potion of stabbing


   Skills:
 + Level 4.9 Fighting
 * Level 3.6(6.3) Polearms
 + Level 6.0 Dodging
 - Level 2.0 Stealth
 - Level 5.0 Spellcasting
 - Level 4.0 Conjurations
 * Level 10.5 Air Magic


You had 3 spell levels left.
You knew the following spells:

 Your Spells              Type           Power        Failure   Level
a - Shock                 Conj/Air       ####         1%          1
b - Swiftness             Air            #####...     1%          2
c - Static Discharge      Conj/Air       ####....     6%          3
d - Airstrike             Air            #####.....   5%          4
e - Lightning Bolt        Conj/Air       ####......   50%         5

Your spell library contained the following spells:

 Spells                   Type           Power        Failure   Level
 Magic Dart               Conj           ###.         8%          1
 Searing Ray              Conj           ###...       12%         2
 Foxfire                  Conj/Fire      ##..         19%         1
 Conjure Flame            Conj/Fire      ##......     47%         3
 Dazzling Flash           Conj/Hex       ##....       47%         3
 Inner Flame              Hex/Fire       #.......     77%         3
 Fulminant Prism          Conj/Hex       ##........   87%         4
 Iskenderun's Mystic Bla  Conj/Tloc      ##......     87%         4
 Sticky Flame             Conj/Fire      ##......     87%         4
 Fireball                 Conj/Fire      ##........   99%         5


Dungeon Overview and Level Annotations

Branches:
Dungeon (8/15)             Temple (0/1) D:6
   Lair: D:8-11

Altars:
Ashenzari
Cheibriados
Sif Muna
Trog

Shops:
D:4 !:(=   D:5 ?

Annotations:
D:5 3 runed translucent doors, glosham's ghost, weakling PaDe


Innate Abilities, Weirdness & Mutations

You have a beak for a mouth.
You have claws for feet.
You can fly continuously.


Message History

You barely miss the cyan ugly thing.
The cyan ugly thing is severely wounded.
The cyan ugly thing punches you. The cyan ugly thing shocks you!
* * * LOW HITPOINT WARNING * * *
Okay, then.
Unknown command.
Okay, then.
Unknown command.
Evoke which item? (* to show all) (? for menu, Esc to quit)
Aiming: Paralyse
Press: ? - help, Shift-Dir - straight line, f/p - cyan ugly thing
Aim: a cyan ugly thing (severely wounded, chance to defeat MR: 28%)
Okay, then.
Unknown command.
Casting: Airstrike (dangerous; 5% risk of failure)
Confirm with . or Enter, or press ? or * to list all spells.
You feel quick. The cyan ugly thing punches you.
* * * LOW HITPOINT WARNING * * *
The cyan ugly thing shocks you!
You die...

, , ,, , ,,..# ..........#
#.# # ..........# #.# #
..........#########.# # *
..................#.# #
...)................#####
, ,
...(......#####........†.
, ..........# #..........
*.......u@.#####.#.#.####.
, , ....$####.##......#.#
#. * ##. #.##.....##.# #.
,,, #.##......... .. ,
#...........#**.# , , *
####.....#### ., ###...# ,
* ,,,,, , .....# * , *
*#....#


You could see a cyan ugly thing.

Vanquished Creatures
  Sigmund (D:3)
  2 steam dragons (D:6)
  A water moccasin (D:7)
  A phantom (D:5)
  2 orc warriors (D:7)
  An ice beast (D:8)
  3 ogres (D:5)
  A centaur (D:6)
  Blork the orc (D:6)
  4 bullfrogs
  A wyvern skeleton (D:7)
  4 howler monkeys
  2 hounds
  A quasit (D:5)
  An orc wizard (D:7)
  An orc priest (D:7)
  3 iguanas (D:4)
  Ijyb (D:4)
  A killer bee zombie (D:7)
  3 worker ants (D:5)
  2 hound skeletons
  A howler monkey zombie (D:5)
  8 gnolls
  2 worker ant zombies
  9 adders
  A shadow imp (D:5)
  2 white imps
  2 ufetubi (D:7)
  An ooze (D:4)
  2 worms
  7 dart slugs
  4 leopard geckos
  17 orcs
  8 giant cockroaches
  9 goblins
  4 hobgoblins
  5 jackals (D:4)
  5 kobolds
  11 quokkas
  6 bats
  6 frilled lizards
  A jackal skeleton (D:5)
  A quokka skeleton (D:4)
  7 rats
156 creatures vanquished.

Vanquished Creatures (others)
  A fungus (D:5)
  3 plants
4 creatures vanquished.

Grand Total: 160 creatures vanquished

Notes
Turn   | Place    | Note
-------+----------+-------------------------------------------
     0 | D:1      | MrRokkomies the Tengu Air Elementalist began the quest for
                  | the Orb.
     0 | D:1      | Reached XP level 1. HP: 10/10 MP: 4/4
    80 | D:1      | Reached XP level 2. HP: 15/15 MP: 6/6
    89 | D:1      | Learned a level 2 spell: Swiftness
   295 | D:1      | Reached XP level 3. HP: 19/20 MP: 7/7
   300 | D:1      | Learned a level 3 spell: Static Discharge
   860 | D:2      | Reached skill level 1 in Fighting
  1272 | D:2      | Reached XP level 4. HP: 25/25 MP: 5/8
  1278 | D:2      | Reached skill level 5 in Air Magic
  1783 | D:2      | Gained mutation: You can fly continuously. [Tengu growth]
  1783 | D:2      | Reached XP level 5. HP: 29/29 MP: 9/9
  1926 | D:2      | Found a bloodstained altar of Trog.
  2477 | D:3      | Paralysed by a goblin for 3 turns
  2922 | D:3      | Noticed Sigmund
  2932 | D:3      | Killed Sigmund
  2932 | D:3      | Reached skill level 6 in Air Magic
  2932 | D:3      | Reached XP level 6. HP: 36/36 MP: 5/10
  3400 | D:3      | Found a snail-covered altar of Cheibriados.
  3819 | D:4      | Found a shattered altar of Ashenzari.
  3835 | D:4      | Became a worshipper of Ashenzari the Shackled
  3879 | D:4      | Reached skill level 7 in Air Magic
  3879 | D:4      | Reached XP level 7. HP: 18/40 MP: 5/11
  4050 | D:4      | Found Nierch's Distillery.
  4055 | D:4      | Bought a potion of heal wounds for 60 gold pieces
  4091 | D:4      | Found Velathrey's Book Shoppe.
  4126 | D:5      | Entered Level 5 of the Dungeon
  4245 | D:5      | Noticed Ijyb
  4457 | D:4      | Killed Ijyb
  4495 | D:4      | Found Xuzig's Weapon Emporium.
  4656 | D:4      | Found Latzahut's Jewellery Boutique.
  5464 | D:5      | Found Zotteid's Magic Scroll Shoppe.
  5470 | D:5      | Bought a scroll of remove curse for 42 gold pieces
  5562 | D:5      | Reached * piety under Ashenzari
  5713 | D:5      | Reached skill level 8 in Air Magic
  6097 | D:5      | Reached XP level 8. HP: 11/46 MP: 8/14
  6646 | D:5      | Found a runed translucent gate.
  6647 | D:5      | Found a runed translucent gate.
  6732 | D:5      | Found a runed translucent gate.
  6733 | D:5      | Identified the +8 whip "Meamp" {drain, rN+ Dex+3}
  6734 | D:5      | Noticed glosham's ghost (weakling PaDe)
  6779 | D:5      | Found a shimmering blue altar of Sif Muna.
  7162 | D:6      | Reached ** piety under Ashenzari
  7197 | D:6      | Noticed Blork the orc
  7211 | D:6      | Killed Blork the orc
  7393 | D:6      | Found a staircase to the Ecumenical Temple.
  7409 | D:6      | Reached skill level 5 in Dodging
  7409 | D:6      | Reached skill level 9 in Air Magic
  8133 | D:7      | Reached skill level 5 in Spellcasting
  8188 | D:7      | Learned a level 4 spell: Airstrike
  8194 | D:7      | Learned a level 5 spell: Lightning Bolt
  8266 | D:7      | Reached XP level 9. HP: 52/52 MP: 17/17
  8285 | D:7      | Reached skill level 1 in Polearms
  8340 | D:7      | Reached skill level 10 in Air Magic
  9224 | D:8      | Noticed a cyan ugly thing
  9232 | D:8      | Slain by a cyan ugly thing

Illustrated notes

Levels and vault maps discovered:
D:1:      dpeg_arrival_windows_large_door, layout_rooms,
          minmay_worlds_worst_comb
D:2:      wad_woods_stonehenge, layout_basic
D:3:      layout_basic, cheibriados_altar_1, uniq_sigmund
D:4:      layout_basic, serial_shops, nicolae_shop_stone,
          nicolae_shop_temple_entry_statues_fountains, shop, shop,
          cheibrodos_ashenzari_chains
D:5:      layout_gridville, serial_shops, nicolae_shop_stone,
          gammafunk_ghost_nasty_kobolds, lemuel_tele_altar, uniq_ijyb
D:6:      kennysheep_steamy, layout_loops_ring, minmay_temple_entry_tees,
          uniq_blork_the_orc
D:7:      layout_gridville
D:8:      layout_loops_ring

Skill      XL: |  1  2  3  4  5  6  7  8  9 |
---------------+----------------------------+-----
Conjurations   | 2 3 4 |  4.0
Fighting       | 1 2 3 4 |  4.9
Air Magic      | 5 6 7 8 9 10 | 10.5
Dodging        | 3 4 5 6 |  6.0
Spellcasting   | 3 5 |  5.0
Polearms       | 3 |  3.6
Stealth        | |  2.0

Action                   |  1- 3 |  4- 6 |  7- 9 || total
-------------------------+-------+-------+-------++-------
Melee: Spear             |    53 |       |       ||    53
       Kick              |    11 |    36 |    46 ||    93
       Peck              |     3 |    13 |    33 ||    49
       Flail             |    17 |    23 |       ||    40
       Dagger            |       |    95 |    73 ||   168
       Halberd           |       |       |   144 ||   144
 Cast: Shock             |    13 |    45 |    76 ||   134
       Swiftness         |       |     1 |     2 ||     3
       Static Discharge  |       |       |     5 ||     5
       Airstrike         |       |       |     7 ||     7
Invok: Curse Item        |       |       |     2 ||     2
 Abil: Fly               |       |     1 |       ||     1
Evoke: Wand              |       |       |     4 ||     4
  Use: Scroll            |       |    13 |     5 ||    18
       Potion            |       |     1 |     2 ||     3
 Stab: Sleeping          |     3 |     5 |     3 ||    11
       Paralysed         |       |       |     2 ||     2
Armor: Robe              |     9 |     9 |       ||    18
       Ring mail         |       |    14 |    82 ||    96
Dodge: Dodged            |    35 |    87 |   202 ||   324

Table legend: (Time is in decaauts)
 A = Elapsed time spent in this place.
 B = Non-inter-level travel time spent in this place.
 C = Inter-level travel time spent in this place.
 D = Time resting spent in this place.
 E = Time spent auto-exploring this place.
 F = Levels seen in this place.
 G = Mean time per level.
                   A        B        C        D        E       F      G
               +--------+--------+--------+--------+--------+-----+--------+
         Total |   8938 |   8697 |    241 |   1783 |   5544 |   8 | 1117.2 |
       Dungeon |   8938 |   8697 |    241 |   1783 |   5544 |   8 | 1117.2 |
               +--------+--------+--------+--------+--------+-----+--------+

Top non-repeatable levels by time:
     D:2: 1816 daAuts
     D:5: 1658 daAuts
     D:4: 1584 daAuts
     D:3: 1199 daAuts
     D:7: 1046 daAuts
     D:6: 875 daAuts
     D:1: 590 daAuts
     D:8: 167 daAuts
